[Event "Team 45 45 League T57"]
[Site "Internet Chess Club"]
[Date "2013.05.25"]
[Round "1"]
[White "DARKwizard1"]
[Black "TerryMalloy"]
[Result "0-1"]
[WhiteElo "1979"]
[BlackElo "1938"]
[Opening "Four knights: Rubinstein counter-gambit, Henneberger variation"]
[ECO "C48"]
[Time "09:07:36"]
[TimeControl "2700+45"]

1. e4 e5 2. Nf3 Nf6 3. Nc3 Nc6 4. Bb5 Nd4 5. O-O Nxb5 6. Nxb5 c6 7. Nc3 d6 8. d4
Qc7 9. h3 Be7 10. Be3 O-O 11. Re1 Be6 12. Qd2 b5 13. a3 a5 14. Bg5 b4 15. Na4
exd4 16. Nxd4 c5 17. Nf5 Bxf5 18. exf5 Rfe8 19. Re2 Qc6 20. Rae1 Kf8 21. b3 bxa3
22. Bxf6 Bxf6 23. Rxe8+ Rxe8 24. Rxe8+ Kxe8 25. Qxa5 a2 26. Nc3 Bxc3 27. Qxc3
Qe4 28. f6 gxf6 29. Qa5 Qxc2 30. Qa8+ Ke7 31. Qb7+ Kf8 32. Qc8+ Kg7 33. Qg4+ Qg6
{White resigns} 0-1

[Event "Team 45 45 League T57"]
[Site "Internet Chess Club"]
[Date "2013.05.30"]
[Round "1"]
[White "Matusalen"]
[Black "NFork"]
[Result "1/2-1/2"]
[WhiteElo "2171"]
[BlackElo "2220"]
[Opening "QGA, 4.e3"]
[ECO "D25"]
[Time "16:19:46"]
[TimeControl "2700+45"]

1. Nf3 d5 2. d4 Nf6 3. c4 dxc4 4. e3 a6 5. Bxc4 b5 6. Bb3 Bb7 7. O-O e6 8. a4 b4
9. Qe2 c5 10. Rd1 Qc7 11. Nbd2 Nbd7 12. Nc4 Be7 13. Bd2 O-O 14. Rac1 a5 15. Nfe5
Rfc8 16. h3 Bd5 17. Nxd7 Nxd7 18. e4 Bb7 19. d5 exd5 20. exd5 Re8 21. Qd3 Ne5
22. Nxe5 Qxe5 23. Be3 Bd6 24. g3 Qh5 25. Bxc5 Be5 26. Bd4 Qxh3 27. Bxe5 Rxe5 28.
Qf1 Qf5 29. Qb5 Re7 30. Re1 Qf6 {Game drawn by mutual agreement} 1/2-1/2

[Event "Team 45 45 League T57"]
[Site "Internet Chess Club"]
[Date "2013.05.25"]
[Round "1"]
[White "chiiwen"]
[Black "PhoebeXYZ"]
[Result "1-0"]
[WhiteElo "2186"]
[BlackElo "2092"]
[Opening "Pirc: 150 attack"]
[ECO "B07"]
[Time "12:08:08"]
[TimeControl "2700+45"]

1. e4 d6 2. d4 Nf6 3. Nc3 g6 4. Be3 c6 5. Qd2 Bg7 6. f3 b5 7. Bd3 Nbd7 8. a4 b4
9. Nd1 a5 10. c3 c5 11. Ne2 O-O 12. O-O Bb7 13. Bf2 Rc8 14. Ne3 Bh6 15. Bb5 cxd4
16. cxd4 Qb6 17. Qd3 Qa7 18. Rac1 Qa8 19. Ng3 Bg7 20. Rc2 Rxc2 21. Nxc2 Rc8 22.
Na1 Rc7 23. Nb3 Nb6 24. d5 Nfd7 25. Qe2 Qc8 26. Nxa5 Rc2 27. Qd3 Rxb2 28. Nxb7
Qxb7 29. Bc6 Qb8 30. Qb5 Nc5 31. a5 Nbd7 32. Bxd7 Nxd7 33. Qxd7 b3 34. Ba7 Qb4
35. Qd8+ Bf8 36. Be3 Kg7 37. Qb6 {Black resigns} 1-0

[Event "Team 45 45 League T57"]
[Site "Internet Chess Club"]
[Date "2013.05.28"]
[Round "1"]
[White "Chess-Dream"]
[Black "zeigmata"]
[Result "0-1"]
[WhiteElo "2149"]
[BlackElo "2188"]
[Opening "King's Indian: fianchetto, Panno variation"]
[ECO "E63"]
[Time "14:30:07"]
[TimeControl "2700+45"]

1. Nf3 Nf6 2. g3 g6 3. Bg2 Bg7 4. O-O O-O 5. c4 d6 6. d4 Nc6 7. Nc3 a6 8. Bf4
Bf5 9. Rc1 Re8 10. d5 Na5 11. Nd2 c5 12. dxc6 Nxc6 13. Nb3 Nd7 14. c5 dxc5 15.
Na4 Rc8 16. Nbxc5 Nxc5 17. Rxc5 Qxd1 18. Rxd1 Nd4 19. Rxc8 Rxc8 20. Bxb7 Rd8 21.
Kg2 Bc2 22. Rd2 Bxa4 23. Bxa6 Bc6+ 24. f3 e5 25. Bg5 f6 26. Be3 Bf8 27. a3 Bc5
28. b4 Be7 29. Bc4+ Kg7 30. Ra2 Rc8 31. Bd3 Ba4 32. f4 Nb5 33. fxe5 fxe5 34. Bd2
Bf6 35. Bxb5 Bxb5 36. Be3 Ba4 37. Bc5 Bg5 38. e3 Rd8 39. h4 Bf6 40. Kf3 Bb3 41.
Rh2 h5 42. e4 Rd3+ 43. Be3 Bd1+ {White resigns} 0-1

[Event "Team 45 45 League T57"]
[Site "Internet Chess Club"]
[Date "2013.05.25"]
[Round "1"]
[White "f5"]
[Black "minke"]
[Result "1-0"]
[WhiteElo "2164"]
[BlackElo "1892"]
[Opening "Pirc: Austrian attack, dragon formation"]
[ECO "B09"]
[Time "00:15:35"]
[TimeControl "2700+45"]

1. e4 d6 2. d4 Nf6 3. Nc3 g6 4. f4 Bg7 5. Nf3 c5 6. Bb5+ Bd7 7. Bxd7+ Nfxd7 8.
d5 b5 9. O-O b4 10. Nb1 Nf6 11. Nbd2 O-O 12. Qe2 Nbd7 13. Kh1 Qc7 14. a4 a5 15.
Rb1 Nb6 16. b3 Rac8 17. Nc4 Nh5 18. g4 Nf6 19. Nfd2 Nfd7 20. Bb2 Nxc4 21. Nxc4
Nb6 22. Bxg7 Kxg7 23. f5 Nxc4 24. Qxc4 f6 25. h4 Qd7 26. Rf3 Kg8 27. Rg1 Kg7 28.
Rg2 Kg8 29. Kh2 Kg7 30. g5 fxg5 31. Rxg5 Kh8 32. Qf1 gxf5 33. Qa1+ Rf6 34. Rgxf5
Rf8 35. Rxf6 exf6 36. Rxf6 Rxf6 37. Qxf6+ Kg8 38. Kg3 Qg7+ 39. Qxg7+ Kxg7 40.
Kf4 Kf6 41. h5 h6 42. e5+ dxe5+ 43. Ke4 {Black resigns} 1-0

[Event "Team 45 45 League T57"]
[Site "Internet Chess Club"]
[Date "2013.05.25"]
[Round "1"]
[White "az2112"]
[Black "toukon"]
[Result "1/2-1/2"]
[WhiteElo "1632"]
[BlackElo "1739"]
[Opening "Sicilian: dragon, Yugoslav attack, 10.O-O-O"]
[ECO "B78"]
[Time "21:03:52"]
[TimeControl "2700+45"]

1. e4 c5 2. Nf3 d6 3. d4 cxd4 4. Nxd4 Nf6 5. Nc3 g6 6. Bc4 Bg7 7. f3 O-O 8. Be3
Nc6 9. Qd2 Bd7 10. O-O-O Rc8 11. Bb3 Nxd4 12. Bxd4 b5 13. Nd5 Nxd5 14. Bxg7 Kxg7
15. Qxd5 Kg8 16. Kb1 a5 17. c3 b4 18. cxb4 axb4 19. Rc1 Be6 20. Qd3 Bxb3 21.
Qxb3 Qa5 22. Rc4 Rxc4 23. Qxc4 Ra8 24. Rc1 h5 25. Qb3 Kg7 26. Rc4 Qg5 27. Rc2
Qb5 {Game drawn by mutual agreement} 1/2-1/2

[Event "Team 45 45 League T57"]
[Site "Internet Chess Club"]
[Date "2013.05.26"]
[Round "1"]
[White "QuieroAprender"]
[Black "Schack"]
[Result "0-1"]
[WhiteElo "1703"]
[BlackElo "1686"]
[Opening "French: Winawer, advance variation"]
[ECO "C16"]
[Time "15:01:10"]
[TimeControl "2700+45"]

1. e4 e6 2. d4 d5 3. Nc3 Bb4 4. e5 Ne7 5. Bb5+ Bd7 6. Bxd7+ Nxd7 7. Ne2 c5 8.
O-O O-O 9. a3 cxd4 10. Qxd4 Bc5 11. Qh4 Ng6 12. Qxd8 Rfxd8 13. Na4 Ngxe5 14.
Nxc5 Nxc5 15. b4 Na4 16. Nd4 Rac8 17. Ra2 Rc4 18. Be3 Nc3 19. Rb2 Rxd4 20. Bxd4
Ne2+ 21. Kh1 Nxd4 22. c3 Nb5 23. Rc2 Nxa3 24. Ra2 Nb5 25. f4 Nc4 26. Rf3 a6 27.
g4 Rc8 28. Rg2 Ncd6 29. f5 Rxc3 30. Rxc3 Nxc3 31. Rc2 d4 32. fxe6 fxe6 33. Kg2
g5 34. Kf3 Kf7 35. h4 Kf6 36. hxg5+ Kxg5 37. Rh2 Nf7 38. Rxh7 Ne5+ 39. Kg3 d3
40. Rh5+ Kf6 41. Kf4 Nxg4 42. Rh8 d2 {White resigns} 0-1

[Event "Team 45 45 League T57"]
[Site "Internet Chess Club"]
[Date "2013.05.24"]
[Round "1"]
[White "jufral"]
[Black "Lumumba"]
[Result "0-1"]
[WhiteElo "1506"]
[BlackElo "1679"]
[Opening "Caro-Kann: Steinitz variation"]
[ECO "B17"]
[Time "12:32:43"]
[TimeControl "2700+45"]

1. e4 c6 2. d4 d5 3. Nc3 dxe4 4. Nxe4 Nd7 5. Nf3 Ngf6 6. Bd3 Nxe4 7. Bxe4 Nf6 8.
Bd3 Bg4 9. Be3 e6 10. h3 Bh5 11. g4 Bg6 12. Bxg6 hxg6 13. Qd3 Nd5 14. Bg5 Be7
15. Bxe7 Qxe7 16. O-O-O O-O-O 17. Ne5 Qf6 18. f3 Nf4 19. Qe3 Rxh3 20. Rxh3 Nxh3
21. f4 Nxf4 22. Rf1 g5 23. c3 Qe7 24. b3 Nd5 25. Qd3 f6 26. Nxc6 Qa3+ 27. Kb1
bxc6 28. Qc4 Qd6 29. Qa6+ Kb8 30. Rh1 Nxc3+ 31. Kb2 Nb5 32. Rc1 Qxd4+ 33. Kb1
Qe4+ 34. Ka1 Rd2 35. Qxc6 Qd4+ {White resigns} 0-1

[Event "Team 45 45 League T57"]
[Site "Internet Chess Club"]
[Date "2013.05.26"]
[Round "1"]
[White "BotanicalKnight"]
[Black "drsigmund1"]
[Result "1-0"]
[WhiteElo "1485"]
[BlackElo "1547"]
[Opening "French: Labourdonnais variation"]
[ECO "C00"]
[Time "20:00:19"]
[TimeControl "2700+45"]

1. e4 e6 2. f4 d5 3. e5 c5 4. g3 Ne7 5. Nc3 Nbc6 6. Bg2 Bd7 7. d3 Qb6 8. Nf3 Nf5
9. g4 Nfd4 10. Ne2 Be7 11. O-O h5 12. g5 Nf5 13. c3 d4 14. c4 h4 15. Bh3 Ne3 16.
Bxe3 dxe3 17. Qc1 Nb4 18. Rd1 Bc6 19. Ne1 f6 20. a3 Na6 21. Qxe3 Nc7 22. exf6
gxf6 23. Bxe6 Ba4 24. gxf6 Bxd1 25. Rxd1 Bxf6 26. Bg4+ Kf8 27. Nf3 Qxb2 28.
Qxc5+ Be7 29. Qxc7 Qxe2 30. Re1 Bc5+ {Black resigns} 1-0

[Event "Team 45 45 League T57"]
[Site "Internet Chess Club"]
[Date "2013.05.25"]
[Round "1"]
[White "LiangLiang"]
[Black "Egmont"]
[Result "0-1"]
[WhiteElo "1752"]
[BlackElo "1743"]
[Opening "Sicilian: accelerated fianchetto, modern variation"]
[ECO "B34"]
[Time "13:00:34"]
[TimeControl "2700+45"]

1. e4 c5 2. Nf3 Nc6 3. d4 cxd4 4. Nxd4 g6 5. Nc3 Bg7 6. Be3 Nf6 7. Be2 O-O 8.
O-O d5 9. exd5 Nxd5 10. Nxd5 Qxd5 11. c4 Qd6 12. c5 Qf6 13. Nxc6 Qxc6 14. Rb1
Bf5 15. Bd3 Rad8 16. Bxf5 Rxd1 17. Rfxd1 gxf5 18. b4 Qa4 19. a3 Qxa3 20. Rd7 Qa2
21. Rf1 e5 22. Rxb7 f4 23. Bc1 f3 24. Be3 Qa6 25. c6 Qxc6 26. Rxa7 fxg2 27. Rfa1
e4 28. R1a6 Qb5 29. Kxg2 Qxb4 30. Ra5 f5 31. Bc5 Qb3 32. Bxf8 Qf3+ 33. Kg1 Bd4
34. Ra2 Bxa7 35. Rxa7 Kxf8 36. Rxh7 f4 37. Rb7 Qg4+ 38. Kf1 f3 39. Rb2 Qf4 40.
Rc2 Qxh2 {White resigns} 0-1

[Event "Team 45 45 League T57"]
[Site "Internet Chess Club"]
[Date "2013.05.23"]
[Round "1"]
[White "Kingofknights"]
[Black "DouDou"]
[Result "0-1"]
[WhiteElo "1676"]
[BlackElo "1806"]
[Opening "Grünfeld: 5.e3"]
[ECO "D94"]
[Time "21:30:44"]
[TimeControl "2700+45"]

1. d4 Nf6 2. c4 g6 3. Nc3 d5 4. e3 Bg7 5. Nf3 O-O 6. Be2 Bf5 7. Nh4 Qd7 8. Nxf5
Qxf5 9. Bd3 Qd7 10. O-O Nc6 11. cxd5 Nxd5 12. Bb5 a6 13. Ba4 b5 14. Nxd5 Qxd5
15. Bb3 Qd7 16. Qf3 e6 17. Bd2 Rad8 18. Rfc1 Ne7 19. Ba5 Rc8 20. Qb7 Rfe8 21.
Rxc7 Rxc7 22. Qxc7 Qxc7 23. Bxc7 Rc8 24. Bd6 Nf5 25. Bc5 e5 26. Bc2 exd4 27.
exd4 Nxd4 28. Bxd4 Bxd4 29. Be4 Bxb2 30. Rd1 Rc4 31. f3 a5 32. Bd5 Rc5 33. Kf1
a4 34. Ke2 b4 35. g4 b3 36. axb3 a3 37. b4 Rxd5 38. Rxd5 a2 39. Ra5 a1=Q 40.
Rxa1 Bxa1 41. Kd3 Be5 42. h3 Kf8 43. Ke4 Bd6 44. b5 Ke8 45. f4 Kd7 46. h4 h5 47.
gxh5 gxh5 {White resigns} 0-1

[Event "Team 45 45 League T57"]
[Site "Internet Chess Club"]
[Date "2013.05.26"]
[Round "1"]
[White "ilovechess"]
[Black "AVEMARIA"]
[Result "0-1"]
[WhiteElo "1331"]
[BlackElo "1616"]
[Opening "French: Tarrasch, closed variation"]
[ECO "C05"]
[Time "13:01:08"]
[TimeControl "2700+45"]

1. e4 e6 2. d4 d5 3. Nd2 Nf6 4. e5 Nfd7 5. c4 dxc4 6. Bxc4 Nb6 7. Ngf3 Be7 8.
Bb3 O-O 9. Nc4 N8d7 10. O-O Nxc4 11. Bxc4 Nb6 12. Bd3 Nd5 13. a3 a5 14. Bc2 b6
15. Qd3 g6 16. Bd2 Ba6 17. Qb3 Bxf1 18. Rxf1 Rc8 19. Bh6 Re8 20. Qd3 c6 21. Bb3
b5 22. Bxd5 Qxd5 23. Rd1 b4 24. Ng5 Qd8 25. Qe3 Rc7 26. Qf4 Bf8 27. Bxf8 Rxf8
28. Qh4 f6 29. Nf3 fxe5 30. Qxd8 Rxd8 31. Nxe5 c5 32. Rc1 Rdc8 33. g3 c4 34. Kf1
c3 35. bxc3 Rxc3 36. Ra1 b3 37. Rb1 a4 38. Ke2 Rc2+ 39. Ke3 R8c3+ 40. Nd3 Ra2
41. h4 Rxa3 42. Rb2 Ra2 43. Rb1 a3 44. f3 b2 45. Kd2 Rxd3+ 46. Kxd3 Ra1 47. Kc2
Kf7 48. f4 h5 49. d5 exd5 {White resigns} 0-1

[Event "Team 45 45 League T57"]
[Site "Internet Chess Club"]
[Date "2013.05.24"]
[Round "1"]
[White "tightfist"]
[Black "hi12980"]
[Result "1/2-1/2"]
[WhiteElo "1643"]
[BlackElo "1761"]
[Opening "English: Anglo-Grünfeld defense"]
[ECO "A16"]
[Time "13:01:55"]
[TimeControl "2700+45"]

1. c4 Nf6 2. Nc3 d5 3. e3 g6 4. d4 Bg7 5. g3 O-O 6. cxd5 Nxd5 7. Bg2 c6 8. Nf3
Nd7 9. O-O N7f6 10. Bd2 Bf5 11. Re1 Qb6 12. Nxd5 cxd5 13. Bc3 Ne4 14. Nh4 Rac8
15. Nxf5 gxf5 16. Bxe4 fxe4 17. Qh5 Rfd8 18. Kg2 Rc6 19. Rf1 Rh6 20. Qg4 Rg6 21.
Qe2 Qe6 22. Qb5 Rh6 23. h4 Qg4 24. Rh1 Qf3+ 25. Kg1 Bf6 26. Qxb7 Bxh4 27. Qc7
Rdd6 28. Qc8+ Kg7 29. Qh3 Bxg3 30. Qg2 Qxf2+ 31. Qxf2 Rxh1+ 32. Kxh1 Bxf2 33.
Bd2 Rg6 34. Rf1 Bg3 35. Rf5 e6 36. Rf1 Bc7 37. b4 h5 38. b5 h4 39. a4 h3 40. Rc1
Bd6 41. Rc6 e5 42. dxe5 Bxe5 43. Bc3 Bxc3 44. Rxc3 a6 45. Kh2 axb5 46. axb5 Rg2+
47. Kxh3 Rb2 48. Rc5 Rb3 49. Rxd5 Rxe3+ 50. Kg4 Rb3 51. Kf4 e3 52. Kf3 f6 53.
Ke2 Kg6 54. Rc5 f5 55. Rc6+ Kg5 56. b6 f4 57. Kf3 Rb4 58. Rc5+ Kf6 59. Rc6+ Ke5
60. Rc5+ Kd6 61. Rf5 Kc6 62. Rf6+ Kc5 63. Ke2 Kd5 64. Kf3 Ke5 65. Rh6 Rb2 66.
Rh5+ Kd4 67. Kxf4 Rxb6 68. Kf3 Rf6+ 69. Ke2 Rf2+ 70. Ke1 Kd3 71. Rd5+ Ke4 72.
Rd8 Ra2 73. Re8+ Kf3 74. Rf8+ {Game drawn by mutual agreement} 1/2-1/2

[Event "Team 45 45 League T57"]
[Site "Internet Chess Club"]
[Date "2013.05.22"]
[Round "1"]
[White "JustinL"]
[Black "ticopatzer"]
[Result "1-0"]
[WhiteElo "2049"]
[BlackElo "1685"]
[Opening "Two knights defense"]
[ECO "C58"]
[Time "19:00:56"]
[TimeControl "2700+45"]

1. e4 e5 2. Nf3 Nc6 3. Bc4 Nf6 4. Ng5 d5 5. exd5 Na5 6. Bb5+ Bd7 7. Qe2 Bd6 8.
d4 Nxd5 9. Bxd7+ Qxd7 10. dxe5 Be7 11. O-O Bxg5 12. Bxg5 O-O 13. Qd2 Nc6 14. c4
Nb6 15. Qxd7 Nxd7 16. f4 Nd4 17. Nc3 c5 18. Rad1 Nb6 19. b3 Rfe8 20. Ne4 h6 21.
Bh4 Nf5 22. Bf2 f6 23. g4 Nd4 24. Bxd4 cxd4 25. Nd6 Re7 26. Rxd4 fxe5 27. fxe5
Rxe5 28. Nxb7 Re2 29. Rf2 Rae8 30. Nd6 Re1+ 31. Kg2 R8e2 32. c5 Nd7 33. c6 Nb6
34. c7 Rxf2+ 35. Kxf2 Rc1 36. Nc4 Rc2+ 37. Ke3 Rc3+ 38. Kd2 Nxc4+ 39. Rxc4 Rxc4
40. bxc4 {Black resigns} 1-0

[Event "Team 45 45 League T57"]
[Site "Internet Chess Club"]
[Date "2013.05.24"]
[Round "1"]
[White "Electryon"]
[Black "noblitz-oblige"]
[Result "0-1"]
[WhiteElo "1466"]
[BlackElo "1543"]
[Opening "Queen's pawn: Yusupov-Rubinstein system"]
[ECO "A46"]
[Time "20:30:52"]
[TimeControl "2700+45"]

1. d4 Nf6 2. Nf3 e6 3. e3 Nc6 4. Bd3 d6 5. c3 e5 6. Nbd2 g6 7. O-O Bg7 8. dxe5
dxe5 9. Bb5 e4 10. Nd4 Bd7 11. Nxc6 bxc6 12. Ba4 O-O 13. f3 exf3 14. Nxf3 Re8
15. Nd4 c5 16. Bxd7 Qxd7 17. Nc2 Qc6 18. Qe2 Rab8 19. Rb1 Qe6 20. a3 Nd5 21. Bd2
Qe4 22. Rfc1 Nf4 23. Qf3 Qxf3 24. gxf3 Ne2+ 25. Kf2 Nxc1 26. Bxc1 Bxc3 27. b4
cxb4 28. axb4 a6 29. Rb3 Be5 30. Ra3 Rb6 31. Ra5 Bxh2 32. Bb2 Rd8 33. Bd4 Rc6
34. Ne1 Bd6 35. Rd5 Bg3+ {White resigns} 0-1

[Event "Team 45 45 League T57"]
[Site "Internet Chess Club"]
[Date "2013.05.26"]
[Round "1"]
[White "globulon"]
[Black "rayngrant"]
[Result "0-1"]
[WhiteElo "1299"]
[BlackElo "1590"]
[Opening "French: advance variation"]
[ECO "C02"]
[Time "11:00:51"]
[TimeControl "2700+45"]

1. e4 e6 2. d4 d5 3. e5 c5 4. c3 Qc7 5. Bf4 Nc6 6. Nf3 cxd4 7. cxd4 Nge7 8. Bd3
Ng6 9. Bg3 Bb4+ 10. Nc3 Qa5 11. Qc2 Bd7 12. O-O Rc8 13. a3 Bxc3 14. bxc3 Nce7
15. Rfc1 Ba4 16. Qb2 O-O 17. Qxb7 Rb8 18. Qa6 Qxa6 19. Bxa6 Rb6 20. Bd3 Rc8 21.
c4 dxc4 22. Rxc4 Rxc4 23. Bxc4 Rc6 24. Nd2 Nf5 25. d5 exd5 26. Bxd5 Rc5 27. Be4
Nxg3 28. Bxg6 hxg6 29. hxg3 Rxe5 30. Nc4 Rd5 31. Rb1 Rd1+ 32. Rxd1 Bxd1 33. Kf1
Ba4 34. Ke1 Bb5 35. Ne3 Kf8 36. Kd2 Ke7 37. Kc3 Kd6 38. Kb4 a6 39. a4 Bd3 40.
Ka5 f5 41. Kb4 Ke5 42. Kc3 Ke4 43. Kd2 Kd4 44. g4 f4 45. Nd1 Bf1 46. g3 fxg3 47.
fxg3 a5 48. Kc2 Be2 49. Nc3 Bxg4 50. Kb3 Be6+ 51. Kb2 Kc4 52. Kc2 Kb4 53. Kb2
Bb3 54. g4 Bxa4 55. Nxa4 Kxa4 56. Ka2 Kb4 57. Kb2 a4 58. Ka2 g5 59. Ka1 Kb3 60.
Kb1 a3 61. Ka1 Kc3 62. Ka2 Kd3 63. Kxa3 Ke3 64. Kb3 Kf3 65. Kc2 Kxg4 66. Kd2 Kg3
67. Ke2 Kg2 {White resigns} 0-1

[Event "Team 45 45 League T57"]
[Site "Internet Chess Club"]
[Date "2013.05.26"]
[Round "1"]
[White "julesraider"]
[Black "kingsrook"]
[Result "1-0"]
[WhiteElo "1546"]
[BlackElo "1336"]
[Opening "QGD Slav: 4.e3"]
[ECO "D11"]
[Time "20:00:18"]
[TimeControl "2700+45"]

1. d4 d5 2. c4 c6 3. Nf3 Nf6 4. e3 e6 5. b3 Nbd7 6. Bb2 Bb4+ 7. Nbd2 Qa5 8. Bd3
O-O 9. O-O dxc4 10. bxc4 b6 11. Qc2 Bd6 12. e4 Ba3 13. e5 Ne8 14. Bxh7+ Kh8 15.
Qe4 Bxb2 16. Qh4 Nef6 17. exf6 Nxf6 18. Bd3+ Kg8 19. Rab1 Bc3 20. Ne4 Nxe4 21.
Bxe4 g6 22. Ng5 Kg7 23. Qh7+ Kf6 24. Qh6 Ke7 25. Qh4 Rg8 26. Nh7+ Kd7 27. Nf6+
Kd8 28. Nxg8+ Ke8 29. Qe7# {Black checkmated} 1-0

[Event "Team 45 45 League T57"]
[Site "Internet Chess Club"]
[Date "2013.05.26"]
[Round "1"]
[White "Grenadier"]
[Black "misuc56"]
[Result "0-1"]
[WhiteElo "1682"]
[BlackElo "1877"]
[Opening "Sicilian: closed"]
[ECO "B23"]
[Time "16:00:27"]
[TimeControl "2700+45"]

1. e4 c5 2. Nc3 d6 3. f4 g6 4. Nf3 Bg7 5. Bc4 Nc6 6. O-O Bd7 7. d3 a6 8. a3 Rb8
9. f5 Nf6 10. Bg5 b5 11. Ba2 b4 12. Nd5 Nxd5 13. Bxd5 gxf5 14. Bh4 h6 15. exf5
Bxb2 16. axb4 Nxb4 17. Bb3 Bc6 18. Rb1 Bc3 19. Nd2 d5 20. Nf3 Rb7 21. Qe2 a5 22.
Ne5 Qd6 23. Bg3 Qf6 24. Ng4 Qg7 25. f6 Qg6 26. Ne5 Bxe5 27. Bxe5 e6 28. Ra1 Ra7
29. Ba4 Kd7 30. Qf2 Rg8 31. Bg3 d4 32. Qf4 Rc8 33. Qd6+ Ke8 34. Qxc5 Rd7 35.
Bxc6 Nxc6 36. Rxa5 Rd5 37. Qb6 Rxa5 38. Qb7 Raa8 39. Rb1 Qxf6 40. Rf1 Qe7 41.
Qb1 e5 42. Qc1 Qg5 43. Qe1 Qe3+ 44. Qxe3 dxe3 {White resigns} 0-1

[Event "Team 45 45 League T57"]
[Site "Internet Chess Club"]
[Date "2013.05.25"]
[Round "1"]
[White "jps7"]
[Black "GoIrish"]
[Result "1-0"]
[WhiteElo "1764"]
[BlackElo "1571"]
[Opening "King's Indian: London system"]
[ECO "A48"]
[Time "07:10:13"]
[TimeControl "2700+45"]

1. d4 Nf6 2. Nf3 g6 3. Bf4 Bg7 4. h4 d6 5. c3 O-O 6. Nbd2 Nc6 7. e3 Bg4 8. Qb3
b6 9. Bb5 Na5 10. Qa4 a6 11. Bxa6 Rxa6 12. b4 Bd7 13. Qa3 Nd5 14. Bg3 Qa8 15.
bxa5 Rxa5 16. Qb2 Rb8 17. c4 Nf6 18. Nb3 Ra4 19. Nbd2 c5 20. O-O b5 21. Qc2 Rb7
22. cxb5 Rxb5 23. Nb1 Bf5 24. Qe2 Rxb1 25. Rfxb1 Bxb1 26. Rxb1 Rxa2 27. Qc4 Ne4
28. dxc5 Nxc5 29. Ng5 e6 30. Bxd6 Nd7 31. Nxe6 Ra6 32. Nc7 Rc6 33. Qb5 Rb6
{Black resigns} 1-0

[Event "Team 45 45 League T57"]
[Site "Internet Chess Club"]
[Date "2013.05.23"]
[Round "1"]
[White "BrerRabbit"]
[Black "WOLFSPELZ"]
[Result "1-0"]
[WhiteElo "1495"]
[BlackElo "1479"]
[Opening "Queen's pawn, Mason variation"]
[ECO "D00"]
[Time "10:45:43"]
[TimeControl "2700+45"]

1. d4 d5 2. Bf4 a6 3. e3 Nf6 4. c4 c6 5. Nc3 Bf5 6. Qb3 Qd7 7. Rc1 e6 8. Nf3 Bd6
9. Bxd6 Qxd6 10. Qxb7 O-O 11. Qxa8 Qb4 12. Kd1 Qxb2 13. Nd2 Ng4 14. Rb1 Bxb1 15.
Ncxb1 Nxf2+ 16. Ke1 Nxh1 17. c5 Qc1+ 18. Ke2 Qb2 19. Qa7 f5 20. Qb6 Qxa2 21. Ke1
f4 22. exf4 Qc2 23. g3 Qc1+ 24. Ke2 Qd1+ 25. Kxd1 {Black resigns} 1-0

[Event "Team 45 45 League T57"]
[Site "Internet Chess Club"]
[Date "2013.05.25"]
[Round "1"]
[White "supermessi"]
[Black "AlPearson"]
[Result "1-0"]
[WhiteElo "1597"]
[BlackElo "1309"]
[Opening "King's Indian: orthodox variation"]
[ECO "E94"]
[Time "13:02:11"]
[TimeControl "2700+45"]

1. d4 Nf6 2. c4 g6 3. Nc3 Bg7 4. e4 d6 5. Nf3 O-O 6. Be2 e5 7. O-O a5 8. h3 Nc6
9. d5 Ne7 10. Be3 Ne8 11. Nd2 f5 12. f3 f4 13. Bf2 Bxh3 14. gxh3 Qd7 15. Kh2 g5
16. Rg1 h6 17. Rc1 Kf7 18. c5 Nf6 19. Nb5 h5 20. Rxg5 Rh8 21. cxd6 cxd6 22. Rc7
Qd8 23. Bb6 Rb8 24. Rxb7 Qc8 25. Nxd6+ Kf8 26. Nxc8 Rxc8 27. Rc7 Rb8 28. Bc5 Ng8
29. Rf5+ Ke8 30. Qa4+ Kd8 31. Qd7# {Black checkmated} 1-0

[Event "Team 45 45 League T57"]
[Site "Internet Chess Club"]
[Date "2013.05.27"]
[Round "1"]
[White "PhoebeXYZ"]
[Black "NFork"]
[Result "0-1"]
[WhiteElo "2081"]
[BlackElo "2220"]
[Opening "Queen's gambit accepted"]
[ECO "D20"]
[Time "14:59:59"]
[TimeControl "2700+45"]

1. d4 d5 2. c4 dxc4 3. e3 Nf6 4. Bxc4 a6 5. Nf3 b5 6. Bb3 Bb7 7. O-O e6 8. a4 b4
9. a5 Nbd7 10. Nbd2 c5 11. Nc4 Be7 12. Qe2 O-O 13. Rd1 Qc7 14. Bd2 Ng4 15. e4
cxd4 16. h3 Nc5 17. Bc2 d3 18. Bxd3 Nxd3 19. Qxd3 Rfd8 20. Qe2 Nf6 21. Rac1 Bxe4
22. Nb6 Qb7 23. Nxa8 Qxa8 24. Bg5 Bd5 25. Ne1 h6 26. Bh4 Rb8 27. Bg3 Rb5 28. Bc7
Bb7 29. Rd4 Nd5 30. Nd3 Nxc7 31. Rxc7 Bd8 32. Rcd7 Bf6 33. Rxb4 Bc6 34. Rxb5
axb5 35. Rd6 Bxg2 36. Nf4 Bf3 37. Qxb5 Qe4 38. Qe8+ Kh7 39. Nd3 Qg6+ 40. Kf1
Qg2+ 41. Ke1 Bg5 {White resigns} 0-1

[Event "Team 45 45 League T57"]
[Site "Internet Chess Club"]
[Date "2013.05.25"]
[Round "1"]
[White "koni"]
[Black "dmarcolino"]
[Result "0-1"]
[WhiteElo "1912"]
[BlackElo "2002"]
[Opening "Caro-Kann: closed (Breyer) variation"]
[ECO "B10"]
[Time "13:01:52"]
[TimeControl "2700+45"]

1. e4 c6 2. d3 d5 3. Nd2 e5 4. Ngf3 Bd6 5. g3 Nf6 6. Bg2 Bg4 7. h3 Bh5 8. O-O
O-O 9. Re1 Nbd7 10. Nf1 Qc7 11. g4 Bg6 12. Nh4 Nc5 13. Ng3 dxe4 14. dxe4 Ne6 15.
Ngf5 Bc5 16. c3 a5 17. Be3 Bxe3 18. Rxe3 Nf4 19. Bf1 Rad8 20. Qc2 Rd7 21. Rd1
Rfd8 22. Rxd7 Rxd7 23. Re1 Qd8 24. Nf3 Bxf5 25. gxf5 N6h5 26. Kh2 Nd3 27. Rd1
Nhf4 28. Bxd3 Rxd3 29. Rxd3 Qxd3 30. Qxd3 Nxd3 31. b3 f6 32. Nd2 b5 33. Kg3 Nc1
34. c4 Nxa2 35. cxb5 cxb5 36. f4 Nc1 37. fxe5 fxe5 38. Kf3 Kf8 39. Kg4 Ke7 40.
h4 Kf6 41. Kf3 g6 42. fxg6 Kxg6 43. Kg4 h5+ 44. Kf3 Kf6 45. Kf2 Ke6 46. Ke1 Kd6
47. Kd1 Nd3 48. Kc2 Nf2 49. Kb2 Nd3+ 50. Kc3 Nf4 51. Nf3 Ne2+ 52. Kb2 Ng3 53.
Nd2 Ne2 54. Nf3 Nd4 55. Ng5 Kc5 56. Nf7 Nf3 57. Kc3 Kb6 58. Kd3 a4 59. bxa4 bxa4
60. Kc4 a3 61. Kb3 Kc5 62. Kxa3 Nxh4 63. Nxe5 Kd4 64. Nd7 Nf3 65. Nf6 h4 66. Kb2
Ke5 67. Ng4+ Kf4 68. Nf2 Kg3 69. Nd1 h3 70. Ne3 Ne5 71. Kc2 Kf2 72. Nd1+ Kf3 73.
Kd2 h2 {White resigns} 0-1

[Event "Team 45 45 League T57"]
[Site "Internet Chess Club"]
[Date "2013.05.27"]
[Round "1"]
[White "jjimalo"]
[Black "poni"]
[Result "1-0"]
[WhiteElo "1878"]
[BlackElo "1889"]
[Opening "Old Indian: Tartakower (Wade) variation"]
[ECO "A41"]
[Time "13:00:19"]
[TimeControl "2700+45"]

1. d4 d6 2. Nf3 Bg4 3. c4 Nd7 4. Nc3 e5 5. g3 Bxf3 6. exf3 exd4 7. Qxd4 Ne7 8.
Bg2 Nc6 9. Qd1 Be7 10. O-O O-O 11. Be3 Nde5 12. b3 Bf6 13. Qd2 g6 14. Bh6 Re8
15. Nd5 Bh8 16. Rad1 a5 17. h3 Nb4 18. Nxb4 axb4 19. Qxb4 Rxa2 20. Qxb7 Qb8 21.
f4 Nd7 22. Rfe1 Rae2 23. Rxe2 Rxe2 24. Qxb8+ Nxb8 25. c5 Re6 26. Bd5 Re8 27.
cxd6 cxd6 28. Bc4 Rd8 29. f5 Nc6 30. fxg6 hxg6 31. Bg5 Rc8 32. Rxd6 Ne5 33. Be2
Bg7 34. b4 Bf8 35. Rd5 Nc6 36. b5 Nb4 37. Rd8 Rxd8 38. Bxd8 Bd6 39. b6 Kf8 40.
Bb5 Nd5 41. Kg2 Nc3 42. Bc6 Ne2 43. Bc7 Ke7 44. Bxd6+ Kxd6 45. Be8 g5 46. Bxf7
Kc6 47. Kf3 Nd4+ 48. Kg4 Kxb6 49. Kxg5 Kc6 50. h4 Kd6 51. Kf6 {Black resigns}
1-0